 Dungeon Crawl Stone Soup version 0.30-a0-263-ge22c4ad894 (webtiles) character file.

Game seed: 6805359882548875033

10438 boo the Spear-Bearer (level 11, 0/89 HPs)
             Began as a Merfolk Gladiator on Oct 13, 2022.
             Was an Elder of Okawaru.
             Killed from afar by an acid dragon (18 damage)
             ... with a splash of acid
             ... on level 12 of the Dungeon.
             The game lasted 00:54:31 (11729 turns).

boo the Spear-Bearer (Merfolk Gladiator)           Turns: 11729, Time: 00:54:31

Health: 0/89       AC: 14    Str: 15    XL:     11   Next: 62%
Magic:  9/11       EV: 19    Int: 10    God:    Okawaru [****..]
Gold:   257        SH: 12    Dex: 17    Spells: 7/10 levels left

rFire   . . .      SeeInvis +    b - +0 trident (vamp)
rCold   + . .      Faith    .    x - +0 buckler
rNeg    . . .      Spirit   .    L - +4 ring mail "Obren" {rC+}
rPois   .          Reflect  +    y - +1 helmet
rElec   .          Harm     .    M - +0 cloak
rCorr   .          Rampage  .    (no gloves)
Will    .....                    m - +0 pair of boots
Stlth   ++++......               B - amulet of reflection
HPRegen 0.34/turn                g - +4 ring of protection
MPRegen 0.12/turn                N - ring of see invisible

@: about to teleport, heroic, corroded
A: (nimble swimmer 2), mertail
a: Renounce Religion, Heroism, Finesse


You were on level 12 of the Dungeon.
You worshipped Okawaru.
Okawaru was greatly pleased with you.
You visited 2 branches of the dungeon, and saw 12 of its levels.
You also visited: Bailey.

You collected 673 gold pieces.
You spent 416 gold pieces at shops.

Inventory:

Hand Weapons
 a - a +0 trident
 b - a +0 vampiric trident (weapon)
 f - a +2 glaive of flaming
 q - a +3 spear
 O - the +8 quarterstaff of the Charming Gods {drain, Dex+7}
   (You found it on level 10 of the Dungeon)

   A truly terrible weapon, it drains the life of any living foe it strikes.
   Dex:       It affects your dexterity (+7).
Missiles
 d - 3 throwing nets
 p - 5 boomerangs
 v - 8 javelins
Armour
 i - the +1 leather armour of Vehumet's Favour {rPois}
   (You found it on level 4 of the Dungeon)

   rPois:     It protects you from poison.
 m - a +0 pair of boots (worn)
 x - a +0 buckler (worn)
 y - a +1 helmet (worn)
 F - +0 steam dragon scales
 K - a +2 chain mail of positive energy
 L - the +4 ring mail "Obren" (worn) {rC+}
   (You bought it in a shop on level 2 of the Dungeon)

   rC:        It protects you from cold.
 M - a +0 cloak (worn)
Jewellery
 g - a +4 ring of protection (left hand)
 B - an amulet of reflection (around neck)
 J - a ring of resist corrosion
 N - a ring of see invisible (right hand)
Wands
 A - a wand of flame (27)
 I - a wand of digging (1)
Scrolls
 c - a scroll of amnesia
 e - a scroll of enchant weapon {unknown}
 h - 2 scrolls of blinking
 j - a scroll of magic mapping
 k - 3 scrolls of enchant armour
 o - a scroll of poison
 t - a scroll of teleportation
 u - 2 scrolls of fear {unknown}
 D - 2 scrolls of vulnerability {unknown}
Potions
 l - 2 potions of ambrosia
 n - 3 potions of curing
 r - 2 potions of flight
 w - 2 potions of magic
 z - 3 potions of brilliance
 E - a potion of invisibility {unknown}
 G - 2 potions of resistance
 H - a potion of lignification {unknown}
Miscellaneous
 s - a condenser vane (quivered)
 C - a tin of tremorstones (2/2)


   Skills:
 + Level 9.5(14.5) Fighting
 - Level 14.2(19.2) Polearms
 - Level 2.0(7.0) Throwing
 + Level 11.6(16.6) Dodging
 + Level 5.1(10.1) Stealth
 - Level 6.0(11.0) Shields
 + Level 3.6 Evocations


You had 7 spell levels left.
You knew the following spells:

 Your Spells              Type           Power      Damage    Failure   Level
a - Swiftness             Air            0%         N/A       94%         3

Your spell library contained the following spells:

 Spells                   Type           Power      Damage    Failure   Level
 Slow                     Hex            0%         N/A       63%         1
 Ensorcelled Hibernation  Hex/Ice        0%         N/A       77%         2
 Passwall                 Tmut/Erth      0%         N/A       77%         2
 Scorch                   Fire           0%         2d5       77%         2
 Confusing Touch          Hex            0%         N/A       94%         3
 Inner Flame              Hex/Fire       0%         N/A       94%         3
 Vampiric Draining        Necr           0%         2d6       94%         3
 Cause Fear               Hex            0%         N/A       100%        4
 Flame Wave               Conj/Fire      0%         2d4       100%        4
 Discord                  Hex            0%         N/A       100%        8
 Summon Cactus Giant      Summ           Unusable   N/A       N/A         6

Dungeon Overview and Level Annotations

Branches:
Dungeon (10/15)            Temple (1/1) D:6             Orc (0/2) D:10
 Bailey (visited)
   Lair: D:8-11

Altars:
Ashenzari
Cheibriados
Dithmenos
Elyvilon
Fedhas
Gozag
Hepliaklqana
Kikubaaqudgha
Makhleb
Nemelex Xobeh
Okawaru
Qazlal
Ru
Sif Muna
Trog
Uskayaw
Vehumet
Wu Jian
Xom
Yredelemnul
Zin
The Shining One

Shops:
D:2 [   D:6 **

Annotations:
D:4 exclusion: downstairs


Innate Abilities, Weirdness & Mutations

((You are very nimble when in or above water. (Stealth+, EV+, Speed+++)))
Your lower body shifts to a powerful aquatic tail in water.


Message History

The meliai zombie is almost destroyed.
You block the meliai zombie's attack. The meliai zombie closely misses you.
You block the meliai zombie's attack. The meliai zombie closely misses you.
You puncture the meliai zombie!
You destroy the meliai zombie!
Okawaru accepts your kill.
You puncture the acid dragon!
You feel better.
The acid dragon is moderately wounded.
The acid dragon spits acid at you. The splash of acid hits you!
* * * LOW HITPOINT WARNING * * *
The acid corrodes you!
You hit the acid dragon.
You feel better.
The acid dragon is moderately wounded.
You completely miss the acid dragon.
The acid dragon is moderately wounded.
The acid dragon misses you. You block the acid dragon's attack.
You closely miss the acid dragon.
The acid dragon is moderately wounded.
The acid dragon bites you!
* * * LOW HITPOINT WARNING * * *
You block the acid dragon's attack.
You barely miss the acid dragon.
The acid dragon is moderately wounded.
You feel yourself speed up. The acid dragon misses you.
You block the acid dragon's attack.
You gain the combat prowess of a mighty hero.
You block the acid dragon's attack.
The acid dragon claws you but does no damage.
Unknown command.
Unknown command.
As you read the scroll of teleportation, it crumbles to dust.
You feel strangely unstable. The acid dragon spits acid at you.
The splash of acid misses you.
The acid dragon attacks as you move away!
The acid dragon completely misses you. You block the acid dragon's attack.
The acid dragon spits acid at you. The splash of acid hits you!!
You die...

,,,,**********##.V##.......#....#
,*,,*,,,,* #............#....#
,*,,**,,,* #...##..###+##....+
,*,,**,,,* #...##W.#.........#
,*,,,,,,,* #.......#.........#
,*,,,,,,,* #.......#>........#
,*,,,,,,** ######..#.........#
,*****,,** ##..##..#.).......#
,*,,**,,,* #.@.D...'........<#
,*,,***+** #...#####.........#
,*,,*,,,,* #####...(#####....#
,*,,*,,,,* *........#,,,#....'
**,,*,,,,* *.........,,,#....#
,,,,+,,,,* *..........,,#....#
,,,,*,,,,* *....#######*#....#
,,,,*,,,,* *....* #V...#
,,,,*,,,,* *###** #....#


You could see an acid dragon (catching breath).

Vanquished Creatures
  A boulder beetle (D:9)
  A two-headed ogre (D:10)
  An orc knight (Bailey)
  A deep elf zephyrmancer (Bailey)
  Joseph (D:8)
  3 centaur zombies (D:12)
  A troll (D:10)
  2 hornets
  A meliai zombie (D:12)
  3 shadows (D:12)
  2 wraiths
  4 yaks (D:9)
  2 vampires (D:12)
  6 steam dragons
  An acid dragon (D:10)
  A water moccasin (D:6)
  A sky beast (D:7)
  An ice beast (D:8)
  11 orc warriors
  A black bear (D:5)
  3 ogres
  4 centaurs
  A phantom (D:6)
  2 kobold brigands
  A gnoll sergeant (D:5)
  2 scorpions
  4 bullfrogs
  2 electric eels (D:10)
  A howler monkey (D:8)
  A crimson imp (D:4)
  4 hounds
  8 orc priests
  3 jellies
  3 iguanas (D:6)
  8 orc wizards
  7 gnolls
  10 adders
  A white imp (D:5)
  2 ufetubi (D:3)
  4 worms
  A dart slug (D:1)
  48 orcs
  4 endoplasms (D:1)
  2 giant cockroaches
  7 goblins
  7 hobgoblins
  3 jackals (D:4)
  5 quokkas
  4 ball pythons
  8 bats
  4 frilled lizards
  A goblin skeleton (D:4)
  3 goblin zombies (D:4)
  3 hobgoblin zombies (D:4)
  19 kobolds
  A kobold skeleton (D:4)
  5 kobold zombies (D:4)
  An orc skeleton (D:4)
  2 orc zombies (D:4)
  10 rats
254 creatures vanquished.

Vanquished Creatures (others)
  A kobold brigand (D:8)
  An orc (D:7)
  2 withered plants (D:12)
4 creatures vanquished.

Grand Total: 258 creatures vanquished

Notes
Turn   | Place    | Note
-------+----------+-------------------------------------------
     0 | D:1      | boo the Merfolk Gladiator began the quest for the Orb.
     0 | D:1      | Reached XP level 1. HP: 16/16 MP: 1/1
   109 | D:1      | Found a faded altar of an unknown god.
   286 | D:1      | Reached XP level 2. HP: 23/23 MP: 2/2
   741 | D:1      | Reached XP level 3. HP: 28/28 MP: 3/3
   897 | D:2      | Reached skill level 5 in Polearms
  1302 | D:2      | Reached XP level 4. HP: 34/35 MP: 4/4
  1340 | D:2      | Found Roejas's Armour Shoppe.
  1702 | D:3      | Reached skill level 5 in Dodging
  1903 | D:3      | Found a sparkling altar of Nemelex Xobeh.
  1923 | D:3      | Reached XP level 5. HP: 27/41 MP: 5/5
  2243 | D:3      | Reached skill level 6 in Polearms
  2773 | D:4      | Found a glowing golden altar of the Shining One.
  2911 | D:4      | Found a sacrificial altar of Ru.
  2925 | D:4      | Identified the +1 leather armour of Vehumet's Favour
                  | {rPois}
  2972 | D:4      | Found a stormy altar of Qazlal.
  3450 | D:4      | Reached XP level 6. HP: 43/48 MP: 6/6
  3540 | D:5      | Entered Level 5 of the Dungeon
  3552 | D:5      | Reached skill level 7 in Polearms
  3878 | D:5      | Reached XP level 7. HP: 39/55 MP: 7/7
  4031 | D:5      | Reached skill level 8 in Polearms
  4066 | D:5      | Reached skill level 1 in Shields
  4311 | D:5      | Reached skill level 5 in Fighting
  4338 | D:5      | Found a radiant altar of Vehumet.
  4372 | D:5      | Learned a level 3 spell: Swiftness
  4563 | D:5      | Reached skill level 9 in Polearms
  4563 | D:5      | Reached XP level 8. HP: 59/62 MP: 8/8
  5009 | D:6      | Found Rousygen's Specific Store.
  5031 | D:6      | Found Zepischu's General Store.
  5040 | D:6      | Bought a scroll of teleportation for 36 gold pieces
  5230 | D:6      | Reached skill level 10 in Polearms
  5349 | D:6      | Found a staircase to the Ecumenical Temple.
  5426 | Temple   | Entered the Ecumenical Temple
  5438 | Temple   | Became a worshipper of Warmaster Okawaru
  5462 | D:6      | Found a hazy altar of Hepliaklqana.
  5490 | D:6      | Reached XP level 9. HP: 46/69 MP: 9/9
  5584 | D:6      | Found an ornate altar of the Wu Jian Council.
  5655 | D:6      | Identified the +5 short sword "Jumic" {spect, Dex+4}
  6496 | D:7      | Reached skill level 11 in Polearms
  7055 | D:7      | Reached * piety under Okawaru
  7511 | D:8      | Noticed Joseph
  7541 | D:8      | Killed Joseph
  7699 | D:8      | Noticed a hornet
  7712 | D:7      | Reached skill level 12 in Polearms
  7942 | D:7      | Paralysed by a hornet for 1 turns
  7954 | D:7      | Killed a hornet
  7954 | D:7      | Reached ** piety under Okawaru
  8058 | D:8      | Reached skill level 5 in Shields
  8058 | D:8      | Reached XP level 10. HP: 79/79 MP: 10/10
  8532 | D:8      | Noticed a moth of wrath
  8572 | D:8      | Found a bloodstained altar of Trog.
  8589 | D:8      | Identified the +9 plate armour "Ugguec" {rPois rN+}
  8788 | D:2      | Bought the +4 ring mail "Obren" {rC+} for 380 gold pieces
  9225 | D:9      | Found a flagged portal.
  9281 | Bailey   | Entered a bailey
  9394 | Bailey   | Reached skill level 13 in Polearms
  9417 | Bailey   | Noticed an orc knight
  9519 | Bailey   | Killed an orc knight
  9621 | Bailey   | Reached skill level 10 in Dodging
  9642 | Bailey   | Found a large runed translucent door.
  9642 | Bailey   | Found a large runed translucent door.
  9643 | Bailey   | Noticed a deep elf zephyrmancer
  9732 | Bailey   | Killed a deep elf zephyrmancer
  9732 | Bailey   | Reached *** piety under Okawaru
 10090 | D:9      | Noticed a boulder beetle
 10140 | D:9      | Killed a boulder beetle
 10140 | D:9      | Reached **** piety under Okawaru
 10141 | D:9      | Reached skill level 1 in Stealth
 10222 | D:9      | Reached skill level 14 in Polearms
 10436 | D:9      | Found a basalt altar of Yredelemnul.
 10455 | D:9      | Reached XP level 11. HP: 87/87 MP: 9/11
 10572 | D:9      | Reached skill level 1 in Evocations
 10785 | D:9      | Found a hide-covered altar of Uskayaw.
 11097 | D:10     | Entered Level 10 of the Dungeon
 11132 | D:10     | Found a staircase to the Orcish Mines.
 11370 | D:10     | Noticed a two-headed ogre
 11378 | D:10     | Killed a two-headed ogre
 11479 | D:10     | Identified the +8 quarterstaff of the Charming Gods {drain,
                  | Dex+7}
 11518 | D:10     | You fall into a shaft and drop 2 floors!
 11589 | D:12     | Received a gift from Okawaru
 11702 | D:12     | Reached skill level 5 in Stealth
 11729 | D:12     | Killed from afar by an acid dragon

Illustrated notes

Levels and vault maps discovered:
D:1:      arrival_zaba_pyramid, layout_loops_corners, basic_ecumenical_altar,
          minivault_14
D:2:      layout_basic, serial_shops, shop_statue, hex_medium,
          nrook_mini_vaults, minmay_distorted
D:3:      layout_loops_corners, lemuel_crystal_altar, minmay_hedge_maze
D:4:      layout_basic, nicolae_tso_besieged_by_evil, mainiacjoe_overflow_paths,
          grunt_qazlal_clouds
D:5:      layout_cave_pools, lemuel_round_altar
D:6:      layout_loops_ring, pdpol_wu_jian_five_deadly_venoms,
          mainiacjoe_overflow_cross_hatched, minmay_temple_entry_antechambers,
          corexii_item_surrounded_by_moat, hangedman_abyss_or_decor_lesser_grid,
          minmay_misc_feat_nine_boxes, nicolae_specific_store
D:7:      layout_basic
D:8:      layout_cave_pools, tgw_trog, minmay_misc_feat_hallway, uniq_joseph
D:9:      layout_stronghold, lemuel_crystal_altar, nicolae_uskayaw_dance_studio,
          enter_bailey_3, feat_on_display
D:10:     layout_stronghold, orc_0_dummy, minmay_crystal_water
D:12:     layout_gridville, serial_undead, serial_undead_b, serial_undead_e,
          serial_undead_f, serial_undead_d, serial_undead_a, serial_undead_a,
          serial_undead_d, gauntlet_entry_generic
Temple:   hellmonk_temple_two_chambers

Skill      XL: |  1  2  3  4  5  6  7  8  9 10 11 |
---------------+----------------------------------+-----
Polearms       | 5 6 7 9 10 12 14 | 14.2
Fighting       | 3 4 5 6 7 8 9 |  9.5
Dodging        | 5 6 7 9 10 11 | 11.6
Shields        | 2 3 5 6 |  6.0
Stealth        | 2 5 |  5.1
Evocations     | 3 |  3.6
Throwing       | |  2.0

Action                   |  1- 3 |  4- 6 |  7- 9 | 10-12 || total
-------------------------+-------+-------+-------+-------++-------
Melee: Trident           |   100 |   242 |   414 |   740 ||  1496
       Punch             |     2 |     1 |       |       ||     3
Throw: Boomerang         |       |     8 |       |       ||     8
       Javelin           |       |       |     3 |     3 ||     6
       Throwing net      |       |       |     1 |       ||     1
Invok: Heroism           |       |       |       |    20 ||    20
  Use: Scroll            |       |     8 |     2 |     9 ||    19
       Potion            |       |       |     2 |     4 ||     6
 Stab: Sleeping          |     2 |     4 |       |     3 ||     9
       Distracted        |       |       |       |     1 ||     1
Armor: Leather armour    |    29 |    52 |    92 |     8 ||   181
       Steam dragon scal |       |       |     5 |     7 ||    12
       Ring mail         |       |       |       |   137 ||   137
Dodge: Dodged            |    41 |   138 |   197 |   308 ||   684
Block: Buckler           |       |       |   118 |   305 ||   423
       Reflection        |       |       |     7 |     9 ||    16

Table legend: (Time is in decaauts)
 A = Elapsed time spent in this place.
 B = Non-inter-level travel time spent in this place.
 C = Inter-level travel time spent in this place.
 D = Time resting spent in this place.
 E = Time spent auto-exploring this place.
 F = Levels seen in this place.
 G = Mean time per level.
                   A        B        C        D        E       F      G
               +--------+--------+--------+--------+--------+-----+--------+
         Total |  11405 |  10824 |    581 |   2135 |   6050 |  13 |  877.3 |
       Dungeon |  10924 |  10347 |    577 |   2128 |   5915 |  11 |  993.1 |
        Temple |     16 |     12 |      4 |      0 |      7 |   1 |   16.0 |
        Bailey |    463 |    463 |      0 |      7 |    127 |   1 |  463.0 |
               +--------+--------+--------+--------+--------+-----+--------+

Top non-repeatable levels by time:
     D:7: 2050 daAuts
     D:3: 1283 daAuts
     D:9: 1234 daAuts
     D:6: 1205 daAuts
     D:4: 1099 daAuts
     D:5: 934 daAuts
     D:8: 932 daAuts
     D:1: 869 daAuts
     D:2: 748 daAuts
  Bailey: 463 daAuts
    D:10: 395 daAuts
    D:12: 170 daAuts
  Temple: 16 daAuts
